 Dungeon Crawl Stone Soup version 0.18-a0-921-g28655ce (webtiles) character file.

7406 Duffy the Firebug (level 10, -1/76 HPs)
             Began as a Mummy Fire Elementalist on Dec 27, 2015.
             Was a Believer of Vehumet.
             Slain by a centaur warrior (8 damage)
             ... on level 12 of the Dungeon.
             The game lasted 00:32:56 (19994 turns).

Duffy the Firebug (Mummy Fire Elementalist)        Turns: 19994, Time: 00:32:56

Health: -1/76      AC:  5    Str: 12    XL:     10   Next: 92%
Magic:  8/17       EV: 15    Int: 17    God:    Vehumet [**....]
Gold:   447        SH:  0    Dex: 13    Spells: 4 memorised, 6 levels left

rFire  x . .     SeeInvis .     b - +0 blowgun
rCold  + + +     Gourm    .     z - +1 robe {rC+}
rNeg   + + +     Faith    .     (no shield)
rPois  ∞         Spirit   .     B - +0 helmet
rElec  .         Dismiss  .     D - +0 cloak
rCorr  +         Reflect  .     (no gloves)
SustAt .         Harm     .     (no boots)
MR     +....                    s - amulet of resist corrosion
Stlth  ++........               u - ring of protection from cold
                                f - ring of protection from cold

@: somewhat resistant to hostile enchantments, unstealthy
A: no food or potions, fire vulnerability, cold resistance 1, negative energy
resistance 3, torment resistance, unbreathing
a: Renounce Religion


You were on level 12 of the Dungeon.
You worshipped Vehumet.
Vehumet was pleased with you.
You were not hungry.

You visited 2 branches of the dungeon, and saw 13 of its levels.
You also visited: Sewer.

You collected 447 gold pieces.


Innate Abilities, Weirdness & Mutations

You do not eat or drink.
Your flesh is vulnerable to fire.
You are immune to poison.
Your flesh is cold resistant.
You are immune to negative energy.
You are immune to unholy pain and torment.
You can survive without breathing.


   Skills:
 - Level 6.2 Fighting
 + Level 6.7 Dodging
 - Level 1.5 Stealth
 - Level 5.0 Spellcasting
 - Level 7.5 Conjurations
 - Level 7.7 Fire Magic


You had 6 spell levels left.
You knew the following spells:

 Your Spells              Type           Power        Failure   Level  Hunger
a - Flame Tongue          Conj/Fire      ####.        1%          1    N/A
j - Fireball              Conj/Fire      ####......   21%         5    N/A
l - Conjure Flame         Conj/Fire      ####....     1%          3    N/A
n - Sticky Flame          Conj/Fire      ####....     10%         4    N/A

Inventory:

Hand Weapons
 a - a +1 dagger of venom
 b - a +0 blowgun (weapon)
Missiles
 o - 58 poisoned needles (quivered)
 p - 2 throwing nets
 w - 5 curare-tipped needles
Armour
 z - a +1 robe of cold resistance (worn)
 B - a +0 helmet (worn)
 D - a +0 cloak (worn)
Jewellery
 f - a ring of protection from cold (left hand)
 i - an uncursed ring of flight
 q - a -3 ring of intelligence
 s - an amulet of resist corrosion (around neck)
 u - a ring of protection from cold (right hand)
 y - an uncursed amulet of dismissal
Wands
 c - a wand of draining (2/15)
 l - a wand of random effects (21/48)
 x - a wand of cold (11/15)
 A - a wand of paralysis (12/24)
 C - a wand of magic darts (31/48)
Scrolls
 d - 8 scrolls of teleportation
 e - 2 scrolls of enchant armour
 g - 4 scrolls of amnesia
 h - 2 scrolls of blinking
 j - 4 scrolls of remove curse
 k - 2 scrolls of fog
 m - a scroll of fear
 r - 2 scrolls of recharging
 t - a scroll of magic mapping
 v - a scroll of immolation {unknown}
Books
 n - a book of Flames

Dungeon Overview and Level Annotations

Branches:
Dungeon (12/15)            Temple (1/1) D:6
   Lair: D:8-11         Orc: D:9-12

Altars:
Ashenzari
Cheibriados
Dithmenos
Elyvilon
Fedhas
Gozag
Kikubaaqudgha
Makhleb
Nemelex Xobeh
Okawaru
Pakellas
Qazlal
Ru
Sif Muna
Trog
Vehumet
Xom
Yredelemnul
Zin
The Shining One

Annotations:
D:10 JokEr's ghost, journeyman GrMo


Message History

The arrow of frost completely misses you.
Cast which spell? (? or * to list)
Aiming: Flame Tongue
Press: ? - help, Shift-Dir - straight line, f/p - centaur warrior
Aim: a centaur warrior (lightly wounded, covered in liquid flames)
The flame tongue hits the centaur warrior.
The centaur warrior is lightly wounded.
The centaur warrior burns!
The centaur warrior hits you!
The centaur shoots an arrow of frost.
The arrow of frost closely misses you. The centaur warrior hits you!
The centaur warrior burns!
The centaur warrior wields an uncursed shortbow.
The centaur warrior shoots an arrow.
The arrow hits you!
You see here 2 arrows.
The centaur warrior burns!
The centaur warrior stops burning.
The centaur warrior shoots an arrow.
The arrow closely misses you.
You start resting.
Cast which spell? (? or * to list)
Aiming: Sticky Flame
Press: ? - help, Shift-Dir - straight line, f/p - centaur warrior
Aim: a centaur warrior, wielding a shortbow (moderately wounded)
The sticky flame hits the centaur warrior.
The centaur warrior is moderately wounded.
The centaur warrior is covered in liquid flames!
The centaur warrior burns!
The centaur warrior unwields an uncursed shortbow.
The centaur warrior hits you.
Cast which spell? (? or * to list)
Aiming: Flame Tongue
Press: ? - help, Shift-Dir - straight line, f/p - centaur warrior
Aim: a centaur warrior (heavily wounded, covered in liquid flames)
The flame tongue hits the centaur warrior.
The centaur warrior is heavily wounded.
The centaur warrior burns!
The centaur warrior hits you!
You die...

### #####.# ##.
#cc..#.######.....
#.#(###...<......#
#c##.#@######...##
#c ##c## ## #c ###
#a #. ..


You could see a centaur warrior (burning).

Action                   |  1- 3 |  4- 6 |  7- 9 | 10-12 || total
-------------------------+-------+-------+-------+-------++-------
Melee: Dagger            |       |       |    65 |    67 ||   132
 Fire: Blowgun           |       |    83 |    80 |    94 ||   257
 Cast: Flame Tongue      |    77 |   177 |   224 |   230 ||   708
       Sticky Flame      |       |     1 |    11 |    25 ||    37
       Conjure Flame     |       |       |    19 |    23 ||    42
  Use: Scroll            |       |       |     8 |     5 ||    13
 Stab: Sleeping          |       |    10 |     7 |    12 ||    29
       Distracted        |       |       |     1 |     1 ||     2

Notes
Turn   | Place    | Note
--------------------------------------------------------------
     0 | D:1      | Duffy the Mummy Fire Elementalist began the quest for the Orb.
     0 | D:1      | Reached XP level 1. HP: 13/13 MP: 3/3
    82 | D:1      | Reached skill level 1 in Conjurations
   340 | D:2      | Found an iron altar of Okawaru.
   588 | D:1      | Reached XP level 2. HP: 19/19 MP: 1/5
   793 | D:1      | Reached skill level 2 in Conjurations
  1298 | D:1      | Reached XP level 3. HP: 24/24 MP: 4/6
  1337 | D:1      | Learned a level 3 spell: Conjure Flame
  2251 | D:2      | Reached XP level 4. HP: 30/30 MP: 3/7
  2383 | D:2      | Reached skill level 3 in Fire Magic
  2825 | D:3      | Reached skill level 3 in Conjurations
  3092 | D:3      | Reached XP level 5. HP: 35/35 MP: 8/8
  3175 | D:3      | Learned a level 4 spell: Sticky Flame
  4235 | D:3      | Reached skill level 4 in Fire Magic
  4576 | D:4      | Found a glowing drain.
  4706 | D:4      | Reached XP level 6. HP: 32/41 MP: 7/9
  4715 | Sewer    | Entered a sewer
  4789 | Sewer    | Reached skill level 4 in Conjurations
  6806 | Sewer    | Reached XP level 7. HP: 16/46 MP: 2/11
  7372 | D:4      | Reached skill level 3 in Spellcasting
  7372 | D:4      | Reached skill level 5 in Fire Magic
  7438 | D:4      | Noticed zkyp's ghost (amateur OgCj)
  7461 | D:4      | Killed zkyp's ghost
  7461 | D:4      | Reached skill level 5 in Conjurations
  7736 | D:4      | Reached XP level 8. HP: 52/52 MP: 5/13
  7826 | D:4      | Learned a level 5 spell: Fireball
  7984 | D:5      | Entered Level 5 of the Dungeon
  8683 | D:5      | Noticed Grinder
  8687 | D:5      | Paralysed by Grinder for 5 turns
  8696 | D:5      | Killed Grinder
  8696 | D:5      | Reached skill level 6 in Fire Magic
  8776 | D:5      | Found a snail-covered altar of Cheibriados.
  8823 | D:5      | Reached skill level 6 in Conjurations
  8833 | D:5      | Reached skill level 4 in Spellcasting
  8938 | D:5      | Noticed Sigmund
  8948 | D:5      | Killed Sigmund
 10161 | D:6      | Reached XP level 9. HP: 57/57 MP: 8/15
 10876 | D:6      | Reached skill level 7 in Fire Magic
 10880 | D:6      | Noticed st0uf's ghost (novice FoAK)
 11186 | D:6      | Killed st0uf's ghost
 11186 | D:6      | Reached skill level 7 in Conjurations
 11431 | D:6      | Found a staircase to the Ecumenical Temple.
 11443 | Temple   | Entered the Ecumenical Temple
 11606 | Temple   | Became a worshipper of Vehumet
 11852 | D:6      | Noticed a rust devil
 11917 | D:6      | Noticed an angel
 12005 | D:6      | Reached skill level 5 in Spellcasting
 13113 | D:6      | Reached skill level 2 in Fighting
 13116 | D:6      | Reached skill level 3 in Fighting
 13121 | D:6      | Reached skill level 4 in Fighting
 13254 | D:6      | Reached XP level 10. HP: 73/73 MP: 14/17
 13487 | D:6      | Reached skill level 5 in Fighting
 14265 | D:7      | Reached skill level 6 in Fighting
 14595 | D:7      | Reached * piety under Vehumet
 14595 | D:7      | Offered knowledge of Sandblast by Vehumet.
 15299 | D:7      | Reached skill level 2 in Dodging
 15908 | D:7      | Reached skill level 3 in Dodging
 16750 | D:8      | Reached skill level 4 in Dodging
 17531 | D:10     | Entered Level 10 of the Dungeon
 17542 | D:10     | Noticed JokEr's ghost (journeyman GrMo)
 17558 | D:10     | Reached ** piety under Vehumet
 18359 | D:9      | Reached skill level 5 in Dodging
 19049 | D:8      | Offered knowledge of Sting by Vehumet.
 19695 | D:11     | Noticed a cyan ugly thing
 19711 | D:11     | Killed a cyan ugly thing
 19711 | D:11     | Reached skill level 6 in Dodging
 19979 | D:12     | Noticed a centaur warrior
 19994 | D:12     | Slain by a centaur warrior

Vault maps used:
D:1:      minmay_arrival_widening_spiral_wide
D:2:      lemuel_doored_altar, first_bread, kennysheep_generic_room_6
D:4:      portal_sewer_entry_a
D:5:      kennysheep_mini_moat, uniq_grinder, uniq_sigmund
D:6:      temple_garden
D:7:      kennysheep_six_static_rooms, dk_noncrumbling_4, grunt_ogre_cave
D:10:     nicolae_dithmenos_the_darkroom, uniq_fannar
D:11:     david_lair_generic, hiddenorc1_lemuel, serial_shops, shop_fountains,
          enter_bailey_3, minivault_10, grunt_ministairs_12
D:12:     serial_glass, glass_columns_a, glass_columns_b
Temple:   dpeg_three_leaves_temple_18
Sewer:    sewer_minmay_treatment

Vanquished Creatures
  An ugly thing
  The ghost of st0uf the Skirmisher, a novice FoAK of Lugonu
  The ghost of zkyp the Cudgeler, an amateur OgCj
  A troll Grinder
  5 yaks Sigmund
  A basilisk
  2 sky beasts
  2 ice beasts
  A black bear
  3 orc warriors
  3 phantoms
  2 ogres
  5 big kobolds
  6 centaurs
  5 giant frogs
  2 scorpions
  A killer bee
  12 wights
  5 crimson imps
  A wasp zombie
  A giant frog zombie
  2 centaur zombies
  3 jellies
  6 orc priests
  3 centaur skeletons
  2 iguanas
  7 hounds
  9 worker ants
  9 orc wizards
  A hound skeleton
  A hound zombie
  4 gnolls
  A worker ant zombie
  10 river rats
  19 adders
  2 shadow imps
  2 oozes
  An adder zombie
  3 adder skeletons
  A worm
  10 giant geckos
  33 orcs
  11 ball pythons
  8 giant cockroaches
  5 goblins
  4 hobgoblins
  14 jackals
  33 kobolds
  3 quokkas
  8 bats
  3 giant newts
  22 rats
  13 plants
316 creatures vanquished.
